 Dungeon Crawl Stone Soup version 0.29.1-15-g9cfb28693d (webtiles) character file.

Game seed: 12360099328385531535

4018 promet the Poker (level 10, -9/74 HPs)
             Began as a Demonspawn Gladiator on Feb 26, 2023.
             Was a Follower of Wu Jian.
             Mangled by an orc warrior
             ... wielding a +0 war axe
              (16 damage)
             ... in a bailey.
             The game lasted 00:54:48 (9956 turns).

promet the Poker (Demonspawn Gladiator)             Turns: 9956, Time: 00:54:49

Health: -9/74      AC: 11    Str: 14    XL:     10   Next: 3%
Magic:  10/10      EV: 11    Int: 13    God:    Wu Jian [*.....]
Gold:   319        SH:  0    Dex: 16    Spells: 9/9 levels left

rFire   . . .      SeeInvis .   a - +1 trident
rCold   . . .      Faith    .   u - +0 tower shield
rNeg    . . .      Spirit   .   (no body armour)
rPois   +          Reflect  .   (helmet restricted)
rElec   .          Harm     .   q - +1 cloak
rCorr   .          Rampage  .   o - +2 pair of gloves
Will    .....                   r - +1 pair of boots
Stlth   +.........              (no amulet)
HPRegen 0.22/turn               v - ring of poison resistance
MPRegen 0.12/turn               l - +4 ring of protection

@: confused, ambrosia-drunk
A: horns 2, spiny 1, sturdy frame 1, demonic magic 1, talons 1, mutation
resistance 1
a: Renounce Religion


You were in a bailey.
You worshipped Wu Jian.
Wu Jian was aware of your devotion.
You visited 1 branch of the dungeon, and saw 8 of its levels.
You also visited: Bailey.

You collected 469 gold pieces.
You spent 150 gold pieces at shops.

Inventory:

Hand Weapons
 a - a +1 trident (weapon)
 b - a +0 sling
 d - a +2 flail of draining
 e - a +0 shortbow
 g - a +0 flail of protection
 m - a +0 flail
 s - a +2 dagger of pain
 A - a +0 vampiric long sword
 D - a +0 hand axe of electrocution
 L - a +0 war axe
Missiles
 i - 10 atropa-tipped darts
 k - 18 poisoned darts (quivered)
 p - 11 stones
 H - 6 boomerangs
 K - a javelin
Armour
 c - a +0 helmet
 o - a +2 pair of gloves (worn)
 q - a +1 cloak (worn)
 r - a +1 pair of boots (worn)
 u - a +0 tower shield (worn)
 w - a +1 leather armour of cold resistance
 G - a +0 chain mail
 I - a +1 leather armour of poison resistance
Jewellery
 l - a +4 ring of protection (right hand)
 t - a +6 ring of intelligence
 v - a ring of poison resistance (left hand)
 x - a ring of magical power
 y - a ring of ice
Scrolls
 f - 2 scrolls of enchant armour
 n - a scroll of identify
 B - 3 scrolls of torment
 C - a scroll of fog
 E - 5 scrolls of teleportation
Potions
 h - 4 potions of flight
 z - 2 potions of curing


   Skills:
 + Level 5.2 Fighting
 + Level 7.8 Polearms
 + Level 3.0 Ranged Weapons
 + Level 3.5 Throwing
 + Level 2.6 Armour
 + Level 6.0 Dodging
 + Level 3.2 Stealth
 + Level 5.2 Shields
 + Level 1.6 Evocations


You had 9 spell levels left.
You didn't know any spells.
Your spell library contained the following spells:

 Spells                   Type           Power      Damage    Failure   Level
 Frozen Ramparts          Ice            0%         1d1       100%        3
 Ice Form                 Ice/Tmut       0%         N/A       100%        4
 Summon Ice Beast         Ice/Summ       0%         N/A       100%        4


Dungeon Overview and Level Annotations

Branches:
Dungeon (8/15)             Temple (0/1) D:4          Bailey (1/1)
   Lair: D:8-11

Altars:
Kikubaaqudgha
Ru
Sif Muna
Wu Jian

Shops:
D:2 ?   D:4 *


Innate Abilities, Weirdness & Mutations

You have a pair of horns on your head.
You are partially covered in sharp spines.
Your movements are slightly less encumbered by armour. (ER -2)
Spells you cast may paralyse adjacent enemies.
You have sharp toenails.
You are somewhat resistant to further mutation.


Message History

The orc warrior is moderately wounded.
The orc warrior is struck by your spines.
The orc warrior hits you with a +0 war axe!
The orc warrior hits you with a +0 war axe.
You hit the orc warrior but do no damage.
The orc warrior is heavily wounded.
The orc warrior hits you with a +0 war axe!
You block the orc warrior's attack.
You hit the orc warrior.
The orc warrior is heavily wounded.
The orc warrior hits you with a +0 war axe!
You block the orc warrior's attack.
You are confused.
You feel invigorated. The orc warrior misses you.
The orc warrior hits you with a +0 war axe!
You closely miss the orc warrior.
The orc warrior is heavily wounded.
The orc warrior hits you with a +0 war axe!
The orc warrior barely misses you. x2
You miss the orc warrior. Your headbutt misses the orc warrior.
The orc warrior is heavily wounded.
The orc warrior hits you with a +0 war axe!
* * * LOW HITPOINT WARNING * * *
The orc warrior closely misses you.
The orc warrior is struck by your spines.
The orc warrior hits you with a +0 war axe!
* * * LOW HITPOINT WARNING * * *
You are too confused!
You hit the orc warrior.
The orc warrior is severely wounded.
The orc warrior barely misses you.
The orc warrior is struck by your spines.
The orc warrior hits you with a +0 war axe!
* * * LOW HITPOINT WARNING * * *
The orc warrior is struck by your spines.
The orc warrior hits you with a +0 war axe!
* * * LOW HITPOINT WARNING * * *
You're too confused to move!
The orc warrior hits you with a +0 war axe!
You die...

#≈≈≈≈≈# #≈≈≈≈≈###
#≈≈≈≈≈~.#
######.≈≈≈≈~.#
#......≈≈≈≈~.#++#
###......≈≈≈≈~.#...
#.@............'...
#∩oo∩...(......'..⌠
#..............'...
###......≈≈≈≈~.#...
#......≈≈≈≈~.#++#
######.≈≈≈≈~.#
#≈≈≈≈≈~.# #≈≈≈≈≈###
#≈≈≈≈≈#


You could see 2 orc warriors.

Vanquished Creatures
  A komodo dragon (D:6)
  Grinder (D:5)
  8 yaks
  Edmund (D:6)
  A water moccasin (D:5)
  2 sky beasts
  3 orc warriors (Bailey)
  2 black bears
  A centaur (D:6)
  2 phantoms
  4 necrophages
  A bullfrog (D:7)
  3 scorpions
  A howler monkey (D:7)
  An electric eel (Bailey)
  5 hounds
  A jelly (D:5)
  2 orc priests
  Ijyb (D:4)
  Terence (D:2)
  3 iguanas
  3 orc wizards
  4 adders
  5 gnolls
  A shadow imp (D:7)
  3 white imps
  An ufetubus (D:5)
  A worm (D:3)
  5 dart slugs
  19 orcs
  6 bats
  13 endoplasms
  4 giant cockroaches
  13 goblins
  5 hobgoblins
  3 jackals (D:3)
  6 kobolds
  5 quokkas
  12 ball pythons
  2 frilled lizards
  6 rats
162 creatures vanquished.

Vanquished Creatures (collateral kills)
  A yak (D:7)
  An adder (D:6)
  A bat (D:1)
3 creatures vanquished.

Vanquished Creatures (others)
  2 yaks (D:7)
  An adder (D:6)
  17 plants (D:3)
20 creatures vanquished.

Grand Total: 185 creatures vanquished

Notes
Turn   | Place    | Note
-------+----------+-------------------------------------------
     0 | D:1      | promet the Demonspawn Gladiator began the quest for the
                  | Orb.
     0 | D:1      | Reached XP level 1. HP: 16/16 MP: 1/1
    71 | D:1      | Reached skill level 3 in Polearms
   172 | D:1      | Gained mutation: Spells you cast may paralyse adjacent
                  | enemies. [demonic ancestry]
   172 | D:1      | Reached XP level 2. HP: 21/22 MP: 2/2
   663 | D:1      | Gained mutation: You have a pair of small horns on your
                  | head. [demonic ancestry]
   663 | D:1      | Reached XP level 3. HP: 27/27 MP: 3/3
  1313 | D:2      | Noticed Terence
  1328 | D:2      | Killed Terence
  1329 | D:2      | Gained mutation: You have a pair of horns on your head.
                  | [demonic ancestry]
  1329 | D:2      | Reached XP level 4. HP: 33/33 MP: 4/4
  1881 | D:2      | Reached skill level 1 in Stealth
  1927 | D:2      | Found Safrihej's Magic Scroll Shoppe.
  1941 | D:2      | Bought a scroll of enchant armour for 75 gold pieces
  1941 | D:2      | Bought a scroll of enchant armour for 75 gold pieces
  2267 | D:3      | Reached skill level 4 in Polearms
  2481 | D:3      | Gained mutation: You have sharp toenails. [potion of
                  | mutation]
  2481 | D:3      | Gained mutation: You are somewhat resistant to further
                  | mutation. [potion of mutation]
  2561 | D:3      | Found a faded altar of an unknown god.
  2711 | D:3      | Noticed a necrophage
  2725 | D:3      | Killed a necrophage
  2726 | D:3      | Reached skill level 1 in Armour
  2726 | D:3      | Reached XP level 5. HP: 34/39 MP: 5/5
  3349 | D:4      | Reached XP level 6. HP: 45/46 MP: 6/6
  3382 | D:4      | Noticed Ijyb
  3417 | D:4      | Killed Ijyb
  3418 | D:4      | Reached skill level 1 in Shields
  3810 | D:4      | Found a staircase to the Ecumenical Temple.
  4002 | D:4      | Found Yvu Ebid's Assorted Antiques.
  4094 | D:4      | Found an ancient bone altar of Kikubaaqudgha.
  4306 | D:5      | Entered Level 5 of the Dungeon
  4334 | D:5      | Reached skill level 5 in Polearms
  4408 | D:5      | Gained mutation: You are partially covered in sharp spines.
                  | [demonic ancestry]
  4408 | D:5      | Reached XP level 7. HP: 51/52 MP: 7/7
  4476 | D:5      | Noticed Grinder
  4502 | D:5      | Killed Grinder
  4503 | D:5      | Reached skill level 6 in Polearms
  4812 | D:5      | Reached XP level 8. HP: 52/58 MP: 8/8
  4954 | D:5      | Found an ornate altar of the Wu Jian Council.
  4963 | D:5      | Became a worshipper of the Wu Jian Council
  5832 | D:6      | Reached skill level 1 in Ranged Weapons
  5866 | D:6      | Noticed a komodo dragon
  5908 | D:6      | Killed a komodo dragon
  6349 | D:6      | Noticed Edmund
  6515 | D:6      | Killed Edmund
  6516 | D:6      | Reached skill level 5 in Dodging
  6516 | D:6      | Gained mutation: Your movements are slightly less
                  | encumbered by armour. (ER -2) [demonic ancestry]
  6516 | D:6      | Reached XP level 9. HP: 45/64 MP: 9/9
  7233 | D:7      | Reached skill level 1 in Evocations
  7398 | D:7      | Reached skill level 7 in Polearms
  7730 | D:7      | Found a sacrificial altar of Ru.
  7980 | D:6      | Reached skill level 5 in Fighting
  8612 | D:7      | Reached skill level 5 in Shields
  8954 | D:7      | Found a shimmering blue altar of Sif Muna.
  9029 | D:8      | Found a flagged portal.
  9194 | Bailey   | Entered a bailey
  9601 | Bailey   | Reached * piety under Wu Jian
  9602 | Bailey   | Reached XP level 10. HP: 48/74 MP: 10/10
  9955 | Bailey   | HP: 2/74 [orc warrior/+0 war axe (11)]
  9956 | Bailey   | Mangled by an orc warrior

Illustrated notes

Levels and vault maps discovered:
D:1:      matt_arrival_los_fun, layout_basic
D:2:      layout_basic, serial_shops, nicolae_diamond_shop, uniq_terence
D:3:      layout_basic, ebering_ecumenical_altar_box, kennysheep_boxes
D:4:      layout_basic, lemuel_round_altar, kennysheep_little_box,
          temple_fountains, serial_shops,
          nicolae_shop_temple_entry_statues_fountains, uniq_ijyb
D:5:      layout_basic, mainiacjoe_overflow_boulevard, uniq_grinder
D:6:      layout_rooms, uniq_edmund
D:7:      layout_loops_ring, zin_scriptorium, mainiacjoe_overflow_brackets,
          lemuel_blue_sif_altar
D:8:      layout_loops_ring, dancing_weapons_uskayaw,
          mainiacjoe_overflow_catwalk, ashenzari_conservatory_becter,
          enter_bailey_5, enter_ossuary_2
Bailey:   bailey_axe_of_yendor_kennysheep, bailey

Skill      XL: |  1  2  3  4  5  6  7  8  9 10 |
---------------+-------------------------------+-----
Polearms       | 3 4 5 6 7 |  7.8
Dodging        | 3 4 5 6 |  6.0
Throwing       | 2 3 |  3.5
Stealth        | 1 2 3 |  3.2
Armour         | 1 2 |  2.6
Shields        | 2 4 5 |  5.2
Fighting       | 3 4 5 |  5.2
Ranged Weapons | 1 2 3 |  3.0
Evocations     | 1 |  1.6

Action                   |  1- 3 |  4- 6 |  7- 9 | 10-12 || total
-------------------------+-------+-------+-------+-------++-------
Melee: Trident           |    93 |   221 |   288 |    14 ||   616
       Headbutt          |     3 |    34 |    67 |     4 ||   108
       Kick              |       |    10 |       |       ||    10
 Fire: Sling             |       |     3 |    60 |    12 ||    75
Throw: Dart              |     2 |       |     5 |     3 ||    10
       Throwing net      |     1 |     1 |     5 |       ||     7
       Javelin           |     1 |     1 |     1 |       ||     3
       Stone             |       |       |    30 |       ||    30
Invok: Lunge             |       |       |    12 |       ||    12
Evoke: Wand              |       |     1 |     8 |       ||     9
  Use: Scroll            |     1 |     6 |     7 |       ||    14
       Potion            |       |    12 |     2 |     1 ||    15
 Stab: Sleeping          |     2 |     4 |       |       ||     6
       Held in net/web   |       |       |     2 |       ||     2
       Distracted        |       |       |     1 |       ||     1
       Invisible         |       |       |     2 |     1 ||     3
Armor: Leather armour    |    32 |    98 |    73 |       ||   203
       Skin              |       |       |    21 |     1 ||    22
Dodge: Dodged            |    70 |    78 |    92 |     8 ||   248
Block: Tower shield      |       |   120 |   184 |     8 ||   312
